 Dungeon Crawl Stone Soup version 0.21-a0-529-g8c7b3f5 (webtiles) character file.

186 KristoblXynda the Chopper (level 5, -8/39 HPs)
             Began as a Barachi Skald on Dec 9, 2017.
             Splashed by Ijyb's acid (14 damage)
             ... on level 3 of the Dungeon.
             The game lasted 00:08:07 (3876 turns).

KristoblXynda the Chopper (Barachi Skald)           Turns: 3876, Time: 00:08:09

Health: -8/39      AC:  7    Str: 13    XL:     5   Next: 66%
Magic:  8/8        EV: 11    Int: 13    God:
Gold:   94         SH:  0    Dex: 12    Spells: 4/8 levels left

rFire    . . .     SeeInvis .   a - +0 hand axe
rCold    . . .     Gourm    .   (no shield)
rNeg     . . .     Faith    .   s - +0 ring mail
rPois    .         Spirit   .   (no helmet)
rElec    .         Reflect  .   f - +2 cloak
rCorr    .         Harm     .   o - +1 pair of gloves
MR       .....                  (no boots)
Stlth    +.........             (no amulet)
HPRegen  0.13/turn              j - +1 ring of slaying
MPRegen  0.11/turn              (no ring)

@: corroded, slow
A: +LOS, swims, slowness 1, strong legs 1
a: Hop


You were on level 3 of the Dungeon.
You were hungry.

You visited 1 branch of the dungeon, and saw 3 of its levels.

You collected 94 gold pieces.

Inventory:

Hand Weapons
 a - a +0 hand axe (weapon)
 m - a +0 whip
Armour
 f - a +2 cloak (worn)
 o - a +1 pair of gloves (worn)
 s - a +0 ring mail (worn)
Jewellery
 j - a +1 ring of slaying (left hand)
Wands
 p - a wand of polymorph (10)
Scrolls
 b - a scroll of enchant weapon {unknown}
 e - 3 scrolls of teleportation
 h - a scroll of identify
 i - 5 scrolls of remove curse
 q - a scroll of noise {unknown}
Potions
 g - a potion of berserk rage
 k - a potion of curing
 n - a potion of invisibility
Books
 c - a book of Battle

   Spells                             Type                      Level
   a - Infusion                       Charms                       1
   b - Shroud of Golubria             Charms/Translocation         2
   c - Song of Slaying                Charms                       2
   d - Spectral Weapon                Hexes/Charms                 3
   e - Regeneration                   Charms/Necromancy            3
Comestibles
 d - 4 bread rations
 l - a royal jelly


   Skills:
 - Level 2.4 Fighting
 * Level 4.7 Axes
 + Level 3.2 Armour
 - Level 2.1 Dodging
 - Level 2.1 Spellcasting
 + Level 4.4 Charms


You had 4 spell levels left.
You knew the following spells:

 Your Spells              Type           Power        Failure   Level  Hunger
a - Infusion              Chrm           ##..         9%          1    ##.....
b - Regeneration          Chrm/Necr      #.........   52%         3    ####...


Dungeon Overview and Level Annotations

Branches:
Dungeon (3/15)

Altars:
Sif Muna
Trog

Annotations:
D:3 Ijyb


Innate Abilities, Weirdness & Mutations

Shadows flee at your approach. (+LOS)
You can swim through water.
You cover ground slowly.
You can hop short distances.


Message History

You slash Ijyb!
Ijyb is moderately wounded.
Ijyb hits you but does no damage.
You slash Ijyb!
Ijyb is severely wounded.
Ijyb barely misses you.
You closely miss Ijyb.
Ijyb is severely wounded.
Ijyb barely misses you.
Ijyb zaps a wand.
The bolt of acid misses you.
You hit Ijyb.
Ijyb is almost dead.
Ijyb zaps a wand.
The bolt of acid hits you! The acid corrodes you!
You are splashed with acid!
The acid burns!
You hit Ijyb but do no damage.
Ijyb is almost dead.
You are ready to hop once more.
Ijyb zaps a wand.
The bolt of acid hits you!
* * * LOW HITPOINT WARNING * * *
The acid corrodes you!
You are splashed with acid!
The acid burns!
You die...

#.# #.#.#.######## #.# #.#.#.#
#.# #.#.#.# #.# #.#.#.# #####
##.## #.#(#.# #.... ##...##
##.#(#.# #.###
#.....#######....#.####.#
######.............#.........###
#.............g@......#.........
#.#####....#####################
........# ##########


You could see Ijyb.

Vanquished Creatures
  2 orc wizards (D:3)
  An orc priest (D:3)
  2 adders
  An ooze (D:2)
  2 worms (D:2)
  A dart slug (D:1)
  A leopard gecko (D:1)
  5 orcs (D:3)
  3 giant cockroaches
  11 goblins
  5 hobgoblins
  7 jackals
  2 ball pythons (D:1)
  7 bats
  6 frilled lizards
  2 kobolds
  8 rats
66 creatures vanquished.

Notes
Turn   | Place    | Note
-------+----------+-------------------------------------------
     0 | D:1      | KristoblXynda the Barachi Skald began the quest for the Orb.
     0 | D:1      | Reached XP level 1. HP: 17/17 MP: 3/3
    48 | D:1      | Reached XP level 2. HP: 9/23 MP: 5/5
   538 | D:1      | Reached XP level 3. HP: 22/28 MP: 6/6
   762 | D:2      | Found a bloodstained altar of Trog.
  1092 | D:2      | Noticed a phantom
  1102 | D:2      | HP: 1/28 [phantom (1)]
  1941 | D:2      | Reached XP level 4. HP: 29/34 MP: 7/7
  2851 | D:3      | Found a faded altar of an unknown god.
  2979 | D:3      | Learned a level 3 spell: Regeneration
  3064 | D:3      | Reached XP level 5. HP: 27/39 MP: 8/8
  3743 | D:3      | Found a deep blue altar of Sif Muna.
  3851 | D:3      | Noticed Ijyb
  3876 | D:3      | Splashed by Ijyb's acid

Vault maps used:
D:1:      onia_arrival_handbag
D:2:      bloody_trog
D:3:      lemuel_round_altar, first_bread,
          chequers_ecumenical_altar_simple_redux, uniq_ijyb

Skill      XL: |  1  2  3  4  5 |
---------------+----------------+-----
Axes           | 3 4 |  4.7
Armour         | 2 3 |  3.2
Charms         | 4 |  4.4
Fighting       | |  2.4
Dodging        | |  2.1
Spellcasting   | |  2.1

Action                   |  1- 3 |  4- 6 || total
-------------------------+-------+-------++-------
Melee: Hand axe          |   107 |   150 ||   257
       Whip              |    78 |       ||    78
 Abil: Hop               |     3 |     3 ||     6
  Use: Potion            |     3 |       ||     3
       Scroll            |     1 |     3 ||     4
  Eat: Chunk             |     1 |     4 ||     5
       Meat ration       |     1 |       ||     1
Armor: Leather armour    |    81 |    23 ||   104
       Ring mail         |       |    31 ||    31
Dodge: Dodged            |   162 |    83 ||   245

Table legend:
 A = Spawn XP
 B = Non-spawn XP
 C = Spawn XP percentage of total XP
 D = Spawn monster count
 E = Non-spawn monster count
 F = Spawn count percentage of total count
 G = Total turns spent on level
                    A         B        C        D         E        F      G
               +---------+---------+-------+---------+---------+-------+---------
         Total |       0 |     267 |   0.0 |       0 |      66 |   0.0 |  3876
               +---------+---------+-------+---------+---------+-------+---------
           D:1 |       0 |      44 |   0.0 |       0 |      28 |   0.0 |   955
           D:2 |       0 |      58 |   0.0 |       0 |      21 |   0.0 |  2077
           D:3 |       0 |     165 |   0.0 |       0 |      17 |   0.0 |   844
               +---------+---------+-------+---------+---------+-------+---------
